 Dungeon Crawl Stone Soup version 0.26.1-2-gb8aa6d0cf2 (webtiles) character file.

Game seed: 8326794681647819231

191 Gadfly the Cudgeller (level 5, -4/50 HPs)
             Began as an Ogre Gladiator on Feb 9, 2021.
             Slain by Grinder (8 damage)
             ... on level 3 of the Dungeon.
             The game lasted 00:03:32 (4416 turns).

Gadfly the Cudgeller (Ogre Gladiator)               Turns: 4416, Time: 00:03:32

Health: -4/50      AC:  3    Str: 18 (19) XL:     5   Next: 70%
Magic:  6/6        EV: 10    Int:  6 (9)  God:
Gold:   192        SH:  0    Dex:  9 (10) Spells: 4/4 levels left

rFire    . . .     SeeInvis .   a - +1 flail
rCold    . . .     Faith    .   (no shield)
rNeg     . . .     Spirit   .   b - +0 robe
rPois    .         Reflect  .   c - +0 hat
rElec    .         Harm     .   (no cloak)
rCorr    +         Rampage  .   (gloves unavailable)
Will     .....                  (boots unavailable)
Stlth    +.........             (no amulet)
HPRegen  0.16/turn              o - ring of resist corrosion
MPRegen  0.10/turn              (no ring)

@: mighty
A: large, unfitting armour, tough skin 1
a: no special abilities


You were on level 3 of the Dungeon.
You visited 1 branch of the dungeon, and saw 3 of its levels.

You collected 192 gold pieces.

Inventory:

Hand Weapons
 a - a +1 flail (weapon)
Missiles
 d - 3 throwing nets
 h - 133 stones (quivered)
Armour
 b - a +0 robe (worn)
 c - a +0 hat (worn)
Jewellery
 o - a ring of resist corrosion (left hand)
 p - a +6 ring of dexterity
Wands
 l - a wand of random effects (16)
Scrolls
 e - a scroll of teleportation
 g - a scroll of fog
 i - a scroll of blinking
Potions
 f - a potion of brilliance {unknown}
 j - a potion of might
 k - a potion of ambrosia {unknown}


   Skills:
 - Level 2.6 Fighting
 + Level 3.1 Maces & Flails
 + Level 2.5 Throwing
 * Level 2.1 Armour
 - Level 2.6 Dodging
 * Level 2.6 Invocations
 * Level 1.9 Evocations


You had 4 spell levels left.
You didn't know any spells.
Your spell library was empty.

Dungeon Overview and Level Annotations

Branches:
Dungeon (3/15)

Altars:
Makhleb
Qazlal
Xom

Annotations:
D:3 2 transporters, Cheops's ghost, amateur DgEE; Grinder


Innate Abilities, Weirdness & Mutations

You are too large for most types of armour.
You have tough skin. (AC +1)


Message History

Grinder hits you.
You writhe in agony.
You sock Grinder!
Grinder is heavily wounded.
Grinder gestures at you. Pain shoots through your body!
You completely miss Grinder.
Grinder is heavily wounded.
Grinder completely misses you. Grinder hits you.
* * * LOW HITPOINT WARNING * * *
You hit Grinder but do no damage.
Grinder is heavily wounded.
Grinder blinks!
Grinder hits you!
* * * LOW HITPOINT WARNING * * *
You writhe in agony.
* * * LOW HITPOINT WARNING * * *
You barely miss Grinder.
Grinder is heavily wounded.
Grinder hits you!
You die...

# #####......###..
#.# #...[.
#####..............
#.# ######
...................
#.# #
#####.....#.######.
#.# #...#....... #.#
#.#.#.#.#.### ## ..#
## #.......#... ..
... ..
#####.#.##########.#
..
....#.#.#.......@5.#
##
###.#.#.###.########
#.#.#.###......##
#.#.#............
#.#.#.########.#.
#...#.# .. ###.#.#
#####


You could see Grinder.

Vanquished Creatures
  An orc wizard (D:3)
  8 adders
  An ooze (D:1)
  2 worms (D:2)
  3 dart slugs (D:2)
  4 leopard geckos
  3 orcs
  6 bats
  3 giant cockroaches
  7 goblins
  8 hobgoblins
  7 jackals
  A quokka (D:2)
  A frilled lizard (D:2)
  5 kobolds
  8 rats
68 creatures vanquished.

Notes
Turn   | Place    | Note
-------+----------+-------------------------------------------
     0 | D:1      | Gadfly the Ogre Gladiator began the quest for the Orb.
     0 | D:1      | Reached XP level 1. HP: 22/22 MP: 1/1
   323 | D:1      | Reached XP level 2. HP: 28/29 MP: 2/2
   639 | D:1      | Reached skill level 1 in Invocations
   845 | D:1      | Reached skill level 1 in Evocations
   845 | D:1      | Reached XP level 3. HP: 35/36 MP: 3/3
  1085 | D:2      | Reached skill level 1 in Armour
  1511 | D:2      | Reached XP level 4. HP: 27/44 MP: 5/5
  1688 | D:2      | Reached skill level 3 in Maces & Flails
  1909 | D:2      | Found a stormy altar of Qazlal.
  3064 | D:3      | Reached XP level 5. HP: 19/50 MP: 6/6
  3459 | D:3      | Found a transporter.
  3475 | D:3      | Found a burning altar of Makhleb.
  3812 | D:3      | Found a shimmering altar of Xom.
  3816 | D:3      | Found a shimmering altar of Xom.
  3816 | D:3      | Found a shimmering altar of Xom.
  3818 | D:3      | Found a shimmering altar of Xom.
  4115 | D:3      | Found a transporter.
  4140 | D:3      | Noticed Cheops's ghost (amateur DgEE)
  4302 | D:3      | Found a shimmering altar of Xom.
  4394 | D:3      | Noticed Grinder
  4416 | D:3      | Slain by Grinder

Illustrated notes

Levels and vault maps discovered:
D:1:      ebering_trefoil_twist, layout_loops_ring
D:2:      minmay_angry_zag, layout_basic, minmay_misc_feat_nine_boxes,
          nicolae_qazlal_eye_of_the_storm
D:3:      layout_basic, xom_butterflies, old_standard_altar,
          gammafunk_ghost_stat_death, xom_redecorated, uniq_grinder

Skill      XL: |  1  2  3  4  5 |
---------------+----------------+-----
Invocations    | 1 2 |  2.6
Evocations     | 1 |  1.9
Armour         | 1 2 |  2.1
Maces & Flails | 3 |  3.1
Fighting       | |  2.6
Throwing       | |  2.5
Dodging        | |  2.6

Action                   |  1- 3 |  4- 6 || total
-------------------------+-------+-------++-------
Melee: Flail             |    90 |   133 ||   223
Throw: Stone             |     2 |    23 ||    25
  Use: Scroll            |     3 |     4 ||     7
       Potion            |       |     4 ||     4
Armor: Robe              |    33 |    41 ||    74
Dodge: Dodged            |    68 |    89 ||   157
